 Dungeon Crawl Stone Soup version 0.19-a0-1260-gc94d3f7 (webtiles) character file.

11087 TheGoonsmith the Frost Mage (level 11, 0/64 HPs)
             Began as a High Elf Ice Elementalist on Aug 28, 2016.
             Was a High Priest of Okawaru.
             Slain by a basilisk (6 damage)
             ... in a labyrinth.
             The game lasted 00:33:34 (12598 turns).

TheGoonsmith the Frost Mage (HEIE)                 Turns: 12598, Time: 00:33:34

Health: 0/64       AC: 14    Str:  8    XL:     11   Next: 44%
Magic:  22/22      EV:  2    Int: 20    God:    Okawaru [*****.]
Gold:   382        SH:  0    Dex: 18    Spells: 5 memorised, 10 levels left

rFire  + . .     SeeInvis .     L - +7 mace "Izow" {venom, *Contam rElec rF+ Stlth+}
rCold  . . .     Gourm    .     V - +0 leather armour {rPois}
rNeg   + + +     Faith    .     M - +0 buckler
rPois  ∞         Spirit   .     J - +2 helmet
rElec  +         Dismiss  .     X - +2 cloak
rCorr  +         Reflect  .     u - +2 pair of gloves
MR     +....     Harm     .     R - +1 pair of boots
Stlth  +++.......               (no amulet)
                                E - +1 ring of evasion
                                z - ring of resist corrosion

@: petrified
A: no striking features
a: Heroism, Finesse, Renounce Religion


You were in a labyrinth.
You worshipped Okawaru.
Okawaru was extremely pleased with you.
You were hungry.

You visited 3 branches of the dungeon, and saw 12 of its levels.
You also visited: Labyrinth and Bailey.

You collected 590 gold pieces.
You spent 208 gold pieces at shops.

Inventory:

Hand Weapons
 G - a +2 great sword of venom
 L - the +7 mace "Izow" (weapon) {venom, *Contam rElec rF+ Stlth+}
   (You bought it in a shop on level 8 of the Dungeon)

   It poisons the flesh of those it strikes.
   It protects you from fire.
   It insulates you from electricity.
   It causes magical contamination when unequipped.
   It makes you more stealthy.
 P - the +4 quarterstaff of Immorality {freeze, Int+4}
   (You found it on level 8 of the Dungeon)

   It has been specially enchanted to freeze those struck by it, causing extra
   injury to most foes and up to half again as much damage against particularly
   susceptible opponents.
   It can also slow down cold-blooded creatures.
   It affects your intelligence (+4).
 U - the +7 trident "Hiapnuop" {holy, Int+5 SInv}
   (You found it on level 9 of the Dungeon)

   It has been blessed by the Shining One to cause great damage to the undead
   and demons.
   It affects your intelligence (+5).
   It lets you see invisible.
Missiles
 m - 63 tomahawks of returning
 o - 7 poisoned javelins (quivered)
Armour
 u - a +2 pair of gloves (worn)
 J - a +2 helmet (worn)
 M - a +0 buckler (worn)
 R - a +1 pair of boots (worn)
 V - a +0 leather armour of poison resistance (worn)
 X - a +2 cloak (worn)
Magical Staves
 N - a cursed staff of energy {unknown}
Jewellery
 s - an uncursed ring of stealth {unknown}
 t - an uncursed ring of magical power {unknown}
 z - a ring of resist corrosion (left hand)
 E - a +1 ring of evasion (right hand)
Wands
 a - a wand of slowing (10/48)
 b - a wand of disintegration (14/24)
 i - a wand of polymorph (10/24)
 B - a wand of polymorph (17/24)
Scrolls
 h - 2 scrolls of remove curse
 n - 3 scrolls of teleportation
 p - 2 scrolls of enchant weapon
 q - 3 scrolls of enchant armour
 r - a scroll of identify
 v - 2 scrolls of blinking
 y - 3 scrolls of recharging
Potions
 d - 2 potions of resistance {unknown}
 e - 3 potions of heal wounds
 j - a potion of cure mutation {unknown}
 k - 6 potions of flight
 l - 3 potions of ambrosia {unknown}
 x - a potion of haste
 C - 3 potions of cancellation
 F - a potion of lignification {unknown}
 I - a potion of brilliance {unknown}
 O - 6 potions of magic {unknown}
 Q - 2 potions of curing
Comestibles
 c - 5 bread rations
 f - 3 meat rations
 g - 7 beef jerkies
 S - 6 fruits
 Y - 9 royal jellies


   Skills:
 - Level 2.1 Fighting
   Level 2.0 Short Blades
 + Level 9.0 Maces & Flails
 - Level 5.3 Dodging
 - Level 2.1 Stealth
 - Level 4.2 Shields
 - Level 7.0 Spellcasting
 - Level 5.3 Conjurations
 - Level 4.0 Charms
 - Level 4.1 Summonings
 - Level 9.0 Ice Magic


You had 10 spell levels left.
You knew the following spells:

 Your Spells              Type           Power        Failure   Level  Hunger
a - Freeze                Ice            ####         1%          1    None
b - Throw Frost           Conj/Ice       #####.       1%          2    None
c - Summon Ice Beast      Ice/Summ       ####....     12%         4    ###....
x - Throw Icicle          Conj/Ice       #####...     10%         4    ###....
z - Ozocubu's Armour      Chrm/Ice       ####....     3%          3    #......


Dungeon Overview and Level Annotations

Branches:
Dungeon (10/15)            Temple (1/1) D:5            Lair (1/6) D:10
    Orc: D:9-12

Altars:
Ashenzari
Cheibriados
Dithmenos
Elyvilon
Fedhas
Gozag
Hepliaklqana
Kikubaaqudgha
Makhleb
Nemelex Xobeh
Okawaru
Qazlal
Ru
Sif Muna
Trog
Uskayaw
Vehumet
Xom
Yredelemnul
Zin
The Shining One

Shops:
D:8 (}   D:9 (

Annotations:
D:4 Guenter's ghost, amateur KoGl


Message History

The basilisk is severely wounded.
The basilisk misses you. The basilisk gazes at you.
You are slowing down.
You feel better. The basilisk closely misses you.
The basilisk bites you but does no damage.
The basilisk bites you.
* * * LOW HITPOINT WARNING * * *
The basilisk bites you.
Your limbs are stiffening.
You hit the basilisk but do no damage.
The basilisk looks as sick as possible!
The basilisk is heavily wounded.
The basilisk gazes at you.
Your limbs have turned to stone.
The basilisk bites you!
* * * LOW HITPOINT WARNING * * *
You have turned to stone.
The basilisk bites you. The basilisk gazes at you.
The basilisk bites you but does no damage. x2
The basilisk bites you!
You die...

. ##. ## . #
..# . # # .#
##. #.# . ...
#.### ##.##
#...#.#.).
###.#.##.#
#.#..#l##.##.#
#.# #.@l......
#....#.##.##.#
###. #.# #
#... ####.#
... .## .


You could see 2 basilisks.

Vanquished Creatures
  An orc knight (Bailey)
  An elephant (D:10)
  Maurice (D:9)
  A komodo dragon (Lair:1)
  2 trolls (D:10)
  2 two-headed ogres (D:10)
  A meliai zombie (D:10)
  Sigmund (D:2)
  8 yaks
  6 basilisks (Lab)
  A hungry ghost (Lab)
  2 soldier ants (D:9)
  A water moccasin (D:8)
  3 orc warriors (D:10)
  2 sky beasts
  5 ice beasts
  2 phantoms
  3 wolves (Lair:1)
  8 ogres
  2 centaurs (D:5)
  2 crocodiles
  A gnoll sergeant (D:7)
  A wyvern zombie (D:7)
  6 giant frogs
  9 killer bees
  A scorpion (D:10)
  A wight (D:6)
  2 howler monkeys
  2 crimson imps
  7 hounds
  5 jellies
  Crazy Yiuf (D:6)
  A giant frog skeleton (D:5)
  5 orc priests
  2 centaur skeletons
  A gnoll shaman (D:7)
  6 orc wizards
  Ijyb (D:2)
  Jessica (D:2)
  4 iguanas
  14 worker ants
  A worker ant zombie (D:8)
  21 gnolls
  A howler monkey skeleton (D:4)
  11 adders
  6 river rats (Lair:1)
  4 shadow imps
  An ooze (D:4)
  2 adder zombies
  2 adder skeletons
  4 worms
  A dart slug (D:1)
  3 giant geckos
  27 orcs
  A ball python (D:5)
  6 bats
  4 giant cockroaches
  5 goblins
  15 hobgoblins
  4 jackals (D:5)
  17 kobolds
  2 quokkas
  3 giant gecko skeletons
  2 giant gecko zombies
  10 giant newts
  A jackal skeleton (D:5)
  A quokka skeleton (D:4)
  11 rats
292 creatures vanquished.

Vanquished Creatures (collateral kills)
  A troll (D:9)
  9 yaks
  An ogre (D:9)
  A scorpion (D:10)
  A howler monkey (D:10)
  2 wights (D:6)
  2 jellies (D:9)
  2 orc priests
  An iguana (Lair:1)
  4 orc wizards
  4 gnolls (D:7)
  2 river rats (Lair:1)
  6 orcs
  A hobgoblin (Bailey)
  A kobold (Bailey)
  A fungus (D:10)
39 creatures vanquished.

Grand Total: 331 creatures vanquished

Notes
Turn   | Place    | Note
-------+----------+-------------------------------------------
     0 | D:1      | TheGoonsmith the High Elf Ice Elementalist began the quest for the Orb.
     0 | D:1      | Reached XP level 1. HP: 11/11 MP: 4/4
   176 | D:1      | Reached XP level 2. HP: 14/17 MP: 0/6
   845 | D:2      | Reached XP level 3. HP: 21/21 MP: 3/7
   849 | D:2      | Learned a level 2 spell: Throw Frost
   853 | D:2      | Learned a level 3 spell: Ozocubu's Armour
  1177 | D:2      | Noticed Sigmund
  1192 | D:2      | Killed Sigmund
  1192 | D:2      | Reached XP level 4. HP: 8/27 MP: 0/8
  1192 | D:2      | Reached XP level 5. HP: 9/31 MP: 0/9
  1432 | D:2      | Noticed Ijyb
  1442 | D:2      | Killed Ijyb
  1468 | D:2      | Found a glowing golden altar of the Shining One.
  1498 | D:2      | Noticed Jessica
  1505 | D:2      | Killed Jessica
  1811 | D:3      | Reached XP level 6. HP: 35/37 MP: 11/11
  1864 | D:3      | Found a glowing silver altar of Zin.
  1925 | D:3      | Reached skill level 1 in Fighting
  2362 | D:3      | Reached skill level 1 in Short Blades
  2676 | D:4      | Learned a level 4 spell: Throw Icicle
  2927 | D:4      | Reached XP level 7. HP: 21/45 MP: 12/12
  3151 | D:4      | Reached skill level 5 in Dodging
  3617 | D:4      | Noticed Guenter's ghost (amateur KoGl)
  3663 | D:5      | Entered Level 5 of the Dungeon
  3946 | D:5      | Found a blossoming altar of Fedhas.
  3974 | D:5      | Reached skill level 5 in Spellcasting
  4010 | D:5      | Learned a level 4 spell: Summon Ice Beast
  4016 | D:5      | Reached XP level 8. HP: 42/50 MP: 8/17
  4243 | D:5      | Found a staircase to the Ecumenical Temple.
  4367 | Temple   | Entered the Ecumenical Temple
  4396 | Temple   | Became a worshipper of Warmaster Okawaru
  4557 | D:5      | Reached skill level 1 in Charms
  4835 | D:5      | Reached skill level 1 in Summonings
  5135 | D:6      | Reached * piety under Okawaru
  5152 | D:6      | Found a runed door.
  5180 | D:6      | Found a radiant altar of Vehumet.
  5516 | D:6      | Found a glowing golden altar of the Shining One.
  5917 | D:6      | Reached XP level 9. HP: 39/54 MP: 16/20
  6149 | D:6      | Noticed Crazy Yiuf
  6155 | D:6      | Killed Crazy Yiuf
  6684 | D:6      | Reached ** piety under Okawaru
  7576 | D:8      | Found Ybanof's Gadget Boutique.
  7923 | D:8      | Found a snail-covered altar of Cheibriados.
  7955 | D:8      | Reached skill level 5 in Conjurations
  8123 | D:8      | Found Cumpus's Antique Weapon Emporium.
  8135 | D:8      | Bought a translucent mace for 208 gold pieces
  8135 | D:8      | Identified the +7 mace "Izow" {venom, *Contam rElec rF+ Stlth+} (You bought it in a shop on level 8 of the Dungeon)
  8259 | D:7      | Reached *** piety under Okawaru
  8259 | D:7      | Reached skill level 1 in Shields
  8607 | D:8      | Got a translucent quarterstaff
  8608 | D:8      | Identified the +4 quarterstaff of Immorality {freeze, Int+4} (You found it on level 8 of the Dungeon)
  8654 | D:8      | Found a shadowy altar of Dithmenos.
  8931 | D:9      | Found Esaocex's Weapon Shop.
  8932 | D:9      | Found an opulent altar of Gozag.
  9201 | D:9      | Reached skill level 1 in Maces & Flails
  9300 | D:9      | Reached XP level 10. HP: 58/60 MP: 12/21
  9338 | D:9      | Got a twisted trident
  9339 | D:9      | Identified the +7 trident "Hiapnuop" {holy, Int+5 SInv} (You found it on level 9 of the Dungeon)
  9514 | D:9      | Noticed Maurice
  9527 | D:9      | Killed Maurice
  9818 | D:9      | Reached **** piety under Okawaru
  9942 | D:10     | Entered Level 10 of the Dungeon
  9955 | D:10     | Found a staircase to the Lair.
  9955 | D:10     | Noticed an elephant
 10143 | D:10     | Found a flagged portal.
 10157 | Bailey   | Entered a bailey
 10406 | Bailey   | Noticed an orc knight
 10466 | Bailey   | Killed an orc knight
 10792 | D:10     | Killed an elephant
 10792 | D:10     | Reached ***** piety under Okawaru
 10792 | D:10     | Reached skill level 5 in Maces & Flails
 10989 | D:10     | Received a gift from Okawaru
 11208 | D:10     | Reached XP level 11. HP: 64/64 MP: 22/22
 11311 | D:10     | HP: 3/64 [orc warrior/halberd (17)]
 11745 | D:10     | Received a gift from Okawaru
 11770 | Lair:1   | Entered Level 1 of the Lair of Beasts
 12086 | Lair:1   | Found a labyrinth entrance.
 12091 | Lair:1   | Found a hide-covered altar of Uskayaw.
 12095 | Lab      | Entered a labyrinth
 12598 | Lab      | Slain by a basilisk

Vault maps used:
D:1:      lemuel_arrival_tunnels, minmay_misc_feat_nine_boxes
D:2:      lemuel_doored_altar, kennysheep_generic_room_5, uniq_jessica,
          uniq_sigmund, uniq_iyjb
D:3:      overflow_temple_1_default
D:4:      serial_column_ruins, column_ruins_open_small,
          column_ruins_corridor_straight, column_ruins_columns_water,
          column_ruins_open_tiny, column_ruins_columns_water,
          column_ruins_open_medium
D:5:      first_bread, grunt_ministairs_2, fedhas_bush_and_centaur_altar
D:6:      vehumet_altar_wand_db, nicolae_tso_swordbearing_angel,
          uniq_crazy_yiuf_cottage
D:8:      kennysheep_mini_moat, kennysheep_little_box, serial_shops,
          nicolae_shop_statue_plus, shop
D:9:      nicolae_gozag_seed_capital, serial_shops, kennysheep_mini,
          hangedman_pestilent_swarm, minmay_misc_feat_more_columns, uniq_maurice
D:10:     david_lair_generic, enter_bailey_7, kennysheep_boxes
Temple:   minmay_freezing_vapour_temple
Lair:1:   lab_entry_generic, basic_altar, kennysheep_snail_temple
Lab:      labyrinth_mini_lab, lab_fountain, labyrinth_skeletal_remains,
          nicolae_lab_garden, nicolae_lab_blocks, nicolae_lab_big_swirl,
          nicolae_lab_arrow, nicolae_lab_grate_2, nicolae_lab_stuck
Bailey:   bailey_axe_2, bailey

Skill      XL: |  1  2  3  4  5  6  7  8  9 10 11 |
---------------+----------------------------------+-----
Ice Magic      | 4 6 7 9 |  9.0
Conjurations   | 2 3 5 |  5.3
Spellcasting   | 3 5 7 |  7.0
Fighting       | 2 |  2.1
Short Blades   | 2 |  2.0
Dodging        | 4 5 |  5.3
Charms         | 3 4 |  4.0
Summonings     | 2 4 |  4.1
Shields        | 2 4 |  4.2
Maces & Flails | 1 6 9 |  9.0
Stealth        | |  2.1

Action                   |  1- 3 |  4- 6 |  7- 9 | 10-12 || total
-------------------------+-------+-------+-------+-------++-------
Melee: Unarmed           |     7 |       |       |       ||     7
       Club              |     1 |       |       |       ||     1
       Short sword       |    10 |   101 |   147 |       ||   258
       Great sword       |       |       |   133 |       ||   133
       Mace              |       |       |    45 |   307 ||   352
Throw: Javelin           |       |       |       |     2 ||     2
       Tomahawk          |       |       |       |     1 ||     1
 Cast: Freeze            |    43 |    21 |   156 |    92 ||   312
       Ozocubu's Armour  |     1 |     7 |    31 |    20 ||    59
       Throw Frost       |     1 |     2 |     3 |     1 ||     7
       Summon Ice Beast  |       |       |    16 |    22 ||    38
       Throw Icicle      |       |       |     8 |     3 ||    11
Invok: Heroism           |       |       |       |     2 ||     2
  Use: Scroll            |       |       |    15 |     9 ||    24
       Potion            |       |       |       |     8 ||     8
 Stab: Sleeping          |       |     8 |     7 |     5 ||    20
       Distracted        |       |     1 |     2 |     4 ||     7
  Eat: Chunk             |     1 |     6 |    20 |    16 ||    43
       Meat ration       |       |       |     1 |       ||     1
Armor: Robe              |    11 |    34 |   100 |     8 ||   153
       Leather armour    |       |       |       |   159 ||   159
Dodge: Dodged            |    28 |    64 |   324 |   339 ||   755
Block: Buckler           |       |       |       |   115 ||   115
